 Dungeon Crawl Stone Soup version 0.22-a0-542-gce4f928 (webtiles) character file.

515 iamserjio the Covert (level 7, -11/56 HPs)
             Began as a Gnoll Assassin on June 24, 2018.
             Was a Follower of Cheibriados.
             Mangled by an orc warrior
             ... wielding a +0 halberd
              (16 damage)
             ... on level 6 of the Dungeon.
             The game lasted 00:11:12 (1772 turns).

iamserjio the Covert (Gnoll Assassin)               Turns: 1772, Time: 00:11:12

Health: -11/56     AC:  7    Str: 16    XL:     7   Next: 20%
Magic:  10/10      EV: 14    Int: 18    God:    Cheibriados [*.....]
Gold:   215        SH:  0    Dex: 20    Spells: 8/10 levels left

rFire    . . .     SeeInvis .   b - +0 blowgun
rCold    . . .     Gourm    .   (no shield)
rNeg     . . .     Faith    .   o - +0 leather armour
rPois    .         Spirit   .   q - +2 helmet
rElec    .         Reflect  .   d - +0 cloak
rCorr    .         Harm     .   (no gloves)
MR       .....                  (no boots)
Stlth    ++++......             (no amulet)
HPRegen  0.18/turn              (no ring)
MPRegen  0.12/turn              (no ring)

@: very slow
A: distributed training, fangs 1, strong nose
a: Bend Time, Renounce Religion


You were on level 6 of the Dungeon.
You worshipped Cheibriados.
Cheibriados was aware of your devotion.
You were not hungry.

You visited 1 branch of the dungeon, and saw 6 of its levels.

You collected 215 gold pieces.

Inventory:

Hand Weapons
 a - a +2 dagger
 b - a +0 blowgun (weapon)
Missiles
 e - a poisoned needle (quivered)
 s - 22 sling bullets
Armour
 c - a +0 robe
 d - a +0 cloak (worn)
 n - a +0 hat
 o - a +0 leather armour (worn)
 q - a +2 helmet (worn)
 u - a +0 buckler
Jewellery
 j - an uncursed ring of positive energy {unknown}
Wands
 t - a wand of digging (11)
 v - a wand of disintegration (9)
Scrolls
 h - 3 scrolls of teleportation {unknown}
 k - 2 scrolls of immolation {unknown}
 l - 5 scrolls of remove curse {@r2}
 m - 4 scrolls of amnesia
 r - a scroll of identify {unknown}
Potions
 i - a potion of might
Comestibles
 g - 7 rations


   Skills:
 + Level 5.1 Fighting
 + Level 5.1 Short Blades
 + Level 2.3 Long Blades
 + Level 2.3 Axes
 + Level 2.3 Maces & Flails
 + Level 2.3 Polearms
 + Level 2.3 Staves
 + Level 2.3 Slings
 + Level 2.3 Bows
 + Level 2.3 Crossbows
 + Level 5.1 Throwing
 + Level 2.3 Armour
 + Level 3.5 Dodging
 + Level 8.1 Stealth
 + Level 2.3 Shields
 + Level 2.3 Unarmed Combat
 + Level 2.3 Spellcasting
 + Level 1.8 Conjurations
 + Level 1.8 Hexes
 + Level 1.8 Charms
 + Level 1.8 Summonings
 + Level 1.8 Necromancy
 + Level 1.8 Translocations
 + Level 1.8 Transmutations
 + Level 1.8 Fire Magic
 + Level 1.8 Ice Magic
 + Level 1.8 Air Magic
 + Level 1.8 Earth Magic
 + Level 1.8 Poison Magic
 + Level 2.5 Invocations
 + Level 2.3 Evocations


You had 8 spell levels left.
You knew the following spells:

 Your Spells              Type           Power        Failure   Level  Hunger
a - Animate Skeleton      Necr           N/A          10%         1    #......
b - Apportation           Tloc           #.....       10%         1    #......

Your spell library contained the following spells:

 Spells                   Type           Power        Failure   Level  Hunger
 Summon Small Mammal      Summ           #...         10%         1    #......
 Confusing Touch          Hex            #.....       10%         1    #......


Dungeon Overview and Level Annotations

Branches:
Dungeon (6/15)             Temple (0/1) D:4

Altars:
Ashenzari
Cheibriados
Qazlal
Trog


Innate Abilities, Weirdness & Mutations

Your experience applies equally to all skills.
You have very sharp teeth.
Your uncanny sense of smell can sniff out nearby items.


Message History

Press: ? - help, Shift-Dir - straight line, f/p - orc warrior
Aim: an orc warrior, wielding a halberd and wearing a plate armour (lightly wounded, poisoned)
You shoot a poisoned needle.
The poisoned needle hits the orc warrior.
The orc warrior looks as sick as possible!
The orc warrior is lightly wounded.
The orc shouts!
The orc warrior hits you from afar with a halberd!!
Firing (i - inventory)
e - 2 poisoned needles (quivered)
Press: ? - help, Shift-Dir - straight line, f/p - orc warrior
Aim: an orc warrior, wielding a halberd and wearing a plate armour (lightly wounded, poisoned)
You shoot a poisoned needle.
The poisoned needle hits the orc warrior.
The orc warrior looks as sick as possible!
The orc warrior is lightly wounded.
The orc warrior hits you from afar with a halberd!
* * * LOW HITPOINT WARNING * * *
It was a potion of cancellation.
You feel magically purged.
The orc warrior hits you from afar with a halberd!
You die...

...........#....####....#
.......<.#.#.##.###.....#
.........#.#......#.#####
#.....o#.#....(...#
#.<....#.#........#
#....#........# .
#....#..#...#.#...
#...o######.#.....
#(.ooo.@..........#
#...o#####.####...#
#....# #... #### #....#
###.# ....... ...
######### ###


You could see an orc warrior and 4 orcs.

Vanquished Creatures
  A water moccasin (D:5)
  4 bullfrogs
  A hound (D:5)
  2 worker ants (D:5)
  2 adders (D:5)
  A shadow imp (D:6)
  An ooze (D:1)
  A worm (D:2)
  A dart slug (D:2)
  3 orcs (D:5)
  2 bats
  A giant cockroach (D:4)
  A goblin (D:3)
  3 hobgoblins
  8 jackals
  4 kobolds
  A quokka (D:2)
  A ball python (D:4)
  A quokka skeleton (D:6)
  3 rats
42 creatures vanquished.

Vanquished Creatures (collateral kills)
  An adder zombie (D:6)
1 creature vanquished.

Grand Total: 43 creatures vanquished

Notes
Turn   | Place    | Note
-------+----------+-------------------------------------------
     0 | D:1      | iamserjio the Gnoll Assassin began the quest for the Orb.
     0 | D:1      | Reached XP level 1. HP: 20/20 MP: 1/1
    43 | D:1      | Reached XP level 2. HP: 20/26 MP: 2/2
    65 | D:1      | Found a shattered altar of Ashenzari.
   184 | D:2      | Found a snail-covered altar of Cheibriados.
   189 | D:2      | Became a worshipper of Cheibriados the Contemplative
   347 | D:3      | Reached XP level 3. HP: 27/31 MP: 3/3
   359 | D:3      | Noticed a bullfrog
   365 | D:3      | Killed a bullfrog
   365 | D:3      | Reached skill level 1 in Long Blades
   365 | D:3      | Reached skill level 1 in Axes
   365 | D:3      | Reached skill level 1 in Maces & Flails
   365 | D:3      | Reached skill level 1 in Polearms
   365 | D:3      | Reached skill level 1 in Staves
   365 | D:3      | Reached skill level 1 in Slings
   365 | D:3      | Reached skill level 1 in Bows
   365 | D:3      | Reached skill level 1 in Crossbows
   365 | D:3      | Reached skill level 1 in Armour
   365 | D:3      | Reached skill level 1 in Shields
   365 | D:3      | Reached skill level 1 in Unarmed Combat
   365 | D:3      | Reached skill level 1 in Spellcasting
   365 | D:3      | Reached skill level 1 in Invocations
   365 | D:3      | Reached skill level 1 in Evocations
   365 | D:3      | Reached XP level 4. HP: 36/38 MP: 3/5
   422 | D:3      | Found a bloodstained altar of Trog.
   423 | D:3      | Noticed an eye of draining
   444 | D:2      | Reached skill level 1 in Conjurations
   444 | D:2      | Reached skill level 1 in Hexes
   444 | D:2      | Reached skill level 1 in Charms
   444 | D:2      | Reached skill level 1 in Summonings
   444 | D:2      | Reached skill level 1 in Necromancy
   444 | D:2      | Reached skill level 1 in Translocations
   444 | D:2      | Reached skill level 1 in Transmutations
   444 | D:2      | Reached skill level 1 in Fire Magic
   444 | D:2      | Reached skill level 1 in Ice Magic
   444 | D:2      | Reached skill level 1 in Air Magic
   444 | D:2      | Reached skill level 1 in Earth Magic
   444 | D:2      | Reached skill level 1 in Poison Magic
   473 | D:3      | Found a stormy altar of Qazlal.
   604 | D:3      | Reached * piety under Cheibriados
   767 | D:4      | Found a staircase to the Ecumenical Temple.
   923 | D:5      | Entered Level 5 of the Dungeon
   960 | D:5      | Reached XP level 5. HP: 26/43 MP: 5/7
  1074 | D:4      | Learned a level 1 spell: Animate Skeleton
  1076 | D:4      | Learned a level 1 spell: Apportation
  1103 | D:5      | Noticed a water moccasin
  1127 | D:5      | Killed a water moccasin
  1127 | D:5      | Reached skill level 5 in Fighting
  1127 | D:5      | Reached skill level 5 in Short Blades
  1127 | D:5      | Reached skill level 5 in Throwing
  1127 | D:5      | Reached skill level 8 in Stealth
  1127 | D:5      | Reached XP level 6. HP: 9/51 MP: 5/8
  1536 | D:6      | Reached XP level 7. HP: 47/56 MP: 8/10
  1772 | D:6      | Mangled by an orc warrior

Vault maps used:
D:1:      dpeg_arrival_long_road, ashenzari_altar_1
D:2:      dancing_weapons_uskayaw, lemuel_doored_altar, first_ration,
          serial_glass, glass_columns_a, glass_columns_a, glass_columns_c,
          glass_columns_b, glass_columns_a, glass_columns_b, glass_columns_a,
          glass_columns_c, glass_columns_c, glass_columns_a, glass_columns_a,
          glass_columns_c, glass_columns_c, glass_columns_c,
          kennysheep_generic_room_7
D:3:      overflow_temple_1_default, trog_eyes_of_draining
D:4:      minmay_temple_entry_overgrown, uniq_crazy_yiuf_cottage
D:5:      nicolae_dithmenos_shadow_blocks, skrybe_limestone_x
D:6:      serial_shops, kennysheep_mini, nrook_pool_corridor,
          nicolae_tso_carved_into_rock

Skill      XL: |  1  2  3  4  5  6 |
---------------+-------------------+-----
Long Blades    | 1 2 |  2.3
Axes           | 1 2 |  2.3
Maces & Flails | 1 2 |  2.3
Polearms       | 1 2 |  2.3
Staves         | 1 2 |  2.3
Slings         | 1 2 |  2.3
Bows           | 1 2 |  2.3
Crossbows      | 1 2 |  2.3
Armour         | 1 2 |  2.3
Shields        | 1 2 |  2.3
Unarmed Combat | 1 2 |  2.3
Spellcasting   | 1 2 |  2.3
Invocations    | 1 2 |  2.5
Evocations     | 1 2 |  2.3
Conjurations   | 1 |  1.8
Hexes          | 1 |  1.8
Charms         | 1 |  1.8
Summonings     | 1 |  1.8
Necromancy     | 1 |  1.8
Translocations | 1 |  1.8
Transmutations | 1 |  1.8
Fire Magic     | 1 |  1.8
Ice Magic      | 1 |  1.8
Air Magic      | 1 |  1.8
Earth Magic    | 1 |  1.8
Poison Magic   | 1 |  1.8
Dodging        | 3 |  3.5
Fighting       | 5 |  5.1
Short Blades   | 5 |  5.1
Throwing       | 5 |  5.1
Stealth        | 8 |  8.1

Action                   |  1- 3 |  4- 6 |  7- 9 || total
-------------------------+-------+-------+-------++-------
Melee: Dagger            |    46 |   184 |    23 ||   253
       Bite              |     5 |    18 |     3 ||    26
       Unarmed           |       |     2 |       ||     2
       Punch             |       |       |     1 ||     1
 Fire: Blowgun           |     3 |    14 |    10 ||    27
 Cast: Apportation       |       |     2 |       ||     2
       Animate Skeleton  |       |     1 |     2 ||     3
Invok: Bend Time         |       |     1 |       ||     1
  Use: Potion            |       |     6 |     1 ||     7
       Scroll            |       |     2 |       ||     2
 Stab: Sleeping          |     5 |     5 |     1 ||    11
  Eat: Chunk             |       |     1 |       ||     1
Armor: Robe              |     3 |     2 |       ||     5
       Leather armour    |       |    52 |     4 ||    56
       Skin              |       |     2 |       ||     2
Dodge: Dodged            |    29 |   106 |    18 ||   153

Table legend:
 A = Spawn XP
 B = Non-spawn XP
 C = Spawn XP percentage of total XP
 D = Spawn monster count
 E = Non-spawn monster count
 F = Spawn count percentage of total count
 G = Total turns spent on level
                    A         B        C        D         E        F      G
               +---------+---------+-------+---------+---------+-------+---------
         Total |       0 |     737 |   0.0 |       0 |      43 |   0.0 |  1772
               +---------+---------+-------+---------+---------+-------+---------
           D:1 |       0 |      17 |   0.0 |       0 |       7 |   0.0 |    86
           D:2 |       0 |      18 |   0.0 |       0 |       7 |   0.0 |   243
           D:3 |       0 |     105 |   0.0 |       0 |       6 |   0.0 |   236
           D:4 |       0 |      11 |   0.0 |       0 |       6 |   0.0 |   392
           D:5 |       0 |     310 |   0.0 |       0 |       9 |   0.0 |   548
           D:6 |       0 |     276 |   0.0 |       0 |       8 |   0.0 |   267
               +---------+---------+-------+---------+---------+-------+---------
